 Dungeon Crawl Stone Soup version 0.31-a0-1025-g2e47921a08 (webtiles) character file.

Game seed: 13073787149424216785

5488 Anon1729 the Fighter (level 10, -7/81 HPs)
             Began as a Minotaur Monk on Nov 17, 2023.
             Was a High Priest of Hepliaklqana.
             Killed from afar by an electric eel (14 damage)
             ... with a bolt of electricity
             ... on level 9 of the Dungeon.
             The game lasted 00:06:22 (8820 turns).

Anon1729 the Fighter (Minotaur Monk)                Turns: 8820, Time: 00:06:22

Health: -7/81      AC:  8    Str: 20    XL:     10   Next: 42%
Magic:  9/9        EV: 13    Int:  9    God:    Hepliaklqana [*****.]
Gold:   50         SH:  8    Dex: 13    Spells: 9/9 levels left

rFire   . . .        a - +0 war axe
rCold   + . .        h - +2 buckler of Benevolence {rC+ Int+2 SInv}
rNeg    . . .        k - +0 scale mail
rPois   .            (helmet restricted)
rElec   .            (no cloak)
rCorr   .            (no gloves)
SInv    +            (no boots)
Will    .....        (no amulet) Stlth
                     (no ring)
HPRegen 0.33/turn    (no ring)
MPRegen 0.11/turn

%: no passive effects
@: no status effects
A: reduced essence, horns 2, retaliatory headbutt
a: Renounce Religion, Recall Ancestor, Ancestor Identity, Transference, Idealise


You were on level 9 of the Dungeon.
You worshipped Hepliaklqana.
Hepliaklqana was extremely pleased with you.
You visited 1 branch of the dungeon, and saw 9 of its levels.

You collected 432 gold pieces.
You spent 382 gold pieces at shops.

Inventory:

Hand Weapons
 a - a +0 war axe (weapon)
Missiles
 r - 6 curare-tipped darts
Armour
 b - a +0 robe
 d - an orb of light
 h - the +2 buckler of Benevolence (worn) {rC+ Int+2 SInv}
   (You found it on level 3 of the Dungeon)

   Int+2:     It affects your intelligence (+2).
   rC+:       It protects you from cold.
   SInv:      It lets you see invisible.
 k - a +0 scale mail (worn)
Jewellery
 l - a ring of fire
 o - a ring of fire
 t - a +6 ring of strength
Wands
 x - a wand of polymorph (10)
 D - a wand of flame (17)
 F - a wand of roots (6)
Scrolls
 f - 3 scrolls of enchant armour
 j - a scroll of immolation
 n - a scroll of silence
 s - a scroll of blinking {unknown}
 u - 8 scrolls of teleportation
 v - 2 scrolls of vulnerability {unknown}
 w - 3 scrolls of poison
 y - a scroll of fog {unknown}
 z - 2 scrolls of identify
 A - a scroll of enchant weapon {unknown}
 B - 2 scrolls of noise {unknown}
 G - a scroll of fear {unknown}
 H - a scroll of summoning {unknown}
Potions
 c - 3 potions of ambrosia
 e - 2 potions of lignification {unknown}
 g - 2 potions of attraction {unknown}
 i - 4 potions of might
 m - 4 potions of haste
 p - a potion of degeneration
 q - 3 potions of invisibility {unknown}
 C - a potion of heal wounds {unknown}
 E - a potion of cancellation {unknown}
 I - a potion of berserk rage


   Skills:
 + Level 9.3 Fighting
 + Level 9.3 Axes
 + Level 8.4 Armour
 + Level 8.5 Dodging
 + Level 7.5 Shields


You had 9 spell levels left.
You didn't know any spells.
Your spell library was empty.

Dungeon Overview and Level Annotations

Branches:
Dungeon (9/15)             Temple (0/1) D:5            Lair (0/5) D:9
    Orc (0/2) D:9

Altars:
Dithmenos
Hepliaklqana
Makhleb
Uskayaw
Vehumet

Shops:
D:3 !   D:4 =*   D:7 !   D:9 [*(:

Annotations:
D:4 1 runed translucent door, snipermoke's ghost, amateur DgFi


Innate Abilities, Weirdness & Mutations

Your life essence is reduced to manifest your ancestor. (-10% HP)
You have a pair of horns on your head.
You reflexively headbutt those who attack you in melee.


Message History

There is an open door here.
An electric eel comes into view.
An electric eel is nearby!
An electric eel is nearby!
An electric eel is nearby!
An electric eel is nearby!
A yak and 2 electric eels come into view.
The yak bellows!
The electric eel shoots out a bolt of lightning at you!
The bolt of electricity hits you!
An electric eel comes into view.
An ice beast comes into view.
The electric eel shoots out a bolt of lightning at you!
The bolt of electricity hits you! The bolt of electricity misses you.
The electric eel shoots out a bolt of lightning at you!
The bolt of electricity hits you.
Lufti gestures at the electric eel while chanting.
The puff of frost hits the electric eel!
A gnoll skeleton comes into view.
The electric eel shoots out a bolt of lightning at you!
The bolt of electricity hits you!
The electric eel shoots out a bolt of lightning at you!
The bolt of electricity hits the electric eel.
The electric eel completely resists.
The bolt of electricity hits you!
The electric eel shoots out a bolt of lightning at you!
The bolt of electricity hits Lufti!
The bolt of electricity hits you!
The electric eel shoots out a bolt of lightning at you!
The bolt of electricity hits you!
* * * LOW HITPOINT WARNING * * *
Something gores Lufti!
The electric eel shoots out a bolt of lightning at you!
The bolt of electricity hits the electric eel.
The electric eel completely resists.
The bolt of electricity misses Lufti.
The bolt of electricity hits you!
* * * LOW HITPOINT WARNING * * *
The electric eel shoots out a bolt of lightning at you!
The bolt of electricity hits Lufti!
Lufti is destroyed!
The bolt of electricity hits you!
You die...

#.~.Z≈.~...
#...+.###.....
#.~.Z≈~~..##.
#.....#.....
#...S~.S....
#.[.[.#.....
#..YS....#+#
#..∩........
#..~S.~.##.#
#.[.[.#.....
#..~~...##.#
#.....####..
##..~....#.#
###..####### ##.~..#.#.#
##......... #~~.##.@.#
#..###.....
#≈#####'######+## #.....
#≈#>.......##8.8###.....
# #.......##.....##....#
#......##8.....8##...#
#.....##.........##..#
##'####8.........8#..#
#....'.....(.....+..#
##..##8.........8####


You could see an ice beast, 4 electric eels and a troll zombie.

Vanquished Creatures
  A komodo dragon (D:9)
  2 shadows (D:9)
  A wraith (D:9)
  A water moccasin (D:7)
  An ice beast (D:8)
  2 orc warriors
  2 centaurs (D:9)
  2 ogres
  3 kobold brigands
  Blork the orc (D:5)
  A bullfrog (D:7)
  A scorpion (D:5)
  6 wights
  A troll zombie (D:9)
  15 killer bees
  An electric eel (D:9)
  A howler monkey (D:6)
  2 hounds
  4 orc priests
  A sleepcap (D:4)
  An iguana (D:5)
  A centaur simulacrum (D:9)
  An ogre zombie (D:9)
  A hound skeleton (D:7)
  7 gnolls
  4 adders
  A shadow imp (D:4)
  3 white imps (D:9)
  An ufetubus (D:7)
  A worm (D:2)
  10 orcs
  3 ball pythons
  10 bats
  7 endoplasms
  3 giant cockroaches
  2 hobgoblins
  4 quokkas
  4 frilled lizards
  2 gnoll zombies (D:9)
  5 goblins
  11 kobolds
  9 orc zombies (D:9)
  9 rats
149 creatures vanquished.

Vanquished Creatures (collateral kills)
  A polar bear (D:9)
  A hornet (D:8)
  A water moccasin (D:7)
  A black bear (D:5)
  An orc warrior (D:8)
  A sky beast (D:6)
  2 ogres
  A bullfrog (D:8)
  A necrophage (D:7)
  2 wights (D:7)
  12 killer bees
  A howler monkey (D:5)
  3 orc priests
  A hound (D:5)
  2 iguanas (D:6)
  An orc wizard (D:3)
  3 ogre zombies (D:9)
  3 gnolls
  2 adders
  A white imp (D:6)
  An ufetubus (D:7)
  A dart slug (D:4)
  11 orcs
  An endoplasm (D:3)
  A ball python (D:3)
  A gnoll zombie (D:9)
  6 kobolds
  4 orc zombies (D:9)
  A rat (D:3)
68 creatures vanquished.

Vanquished Creatures (others)
  7 battlemagi
7 creatures vanquished.

Grand Total: 224 creatures vanquished

Notes
Turn   | Place    | Note
-------+----------+-------------------------------------------
     0 | D:1      | Anon1729 the Minotaur Monk began the quest for the Orb.
     0 | D:1      | Reached XP level 1. HP: 19/19 MP: 0/0
   130 | D:1      | Reached XP level 2. HP: 25/27 MP: 1/1
   358 | D:1      | Reached skill level 1 in Armour
   730 | D:2      | Reached XP level 3. HP: 33/33 MP: 2/2
   993 | D:2      | Found a hazy altar of Hepliaklqana.
  1011 | D:2      | Reached XP level 4. HP: 23/40 MP: 3/3
  1640 | D:2      | Became a worshipper of Hepliaklqana the Forgotten
  1640 | D:2      | Reached * piety under Hepliaklqana
  1640 | D:2      | Reached ** piety under Hepliaklqana
  1641 | D:2      | Remembered your ancestor Lufti as a battlemage
  1980 | D:3      | Found a hide-covered altar of Uskayaw.
  2035 | D:3      | Found Dukesye's Distillery.
  2045 | D:3      | Bought a potion of degeneration for 14 gold pieces
  2055 | D:3      | Identified the +2 buckler of Benevolence {rC+ Int+2 SInv}
  2242 | D:3      | Noticed an ogre
  2244 | D:3      | Killed an ogre
  2245 | D:3      | Reached skill level 5 in Fighting
  2245 | D:3      | Reached skill level 5 in Axes
  2245 | D:3      | Reached XP level 5. HP: 21/43 MP: 4/4
  2375 | D:3      | Reached XP level 6. HP: 27/50 MP: 5/5
  2898 | D:4      | Reached skill level 1 in Shields
  3087 | D:4      | Reached *** piety under Hepliaklqana
  3302 | D:4      | Found a runed translucent door.
  3308 | D:4      | Noticed snipermoke's ghost (amateur DgFi)
  3354 | D:4      | Reached skill level 5 in Dodging
  3393 | D:4      | Found Pitishut's General Store.
  3394 | D:4      | Found Acsook's Jewellery Emporium.
  3398 | D:4      | Bought a potion of might for 56 gold pieces
  3614 | D:4      | Reached XP level 7. HP: 55/55 MP: 6/6
  4011 | D:5      | Entered Level 5 of the Dungeon
  4012 | D:5      | Found a staircase to the Ecumenical Temple.
  4053 | D:5      | Found a shadowy altar of Dithmenos.
  4363 | D:5      | Noticed Blork the orc
  4370 | D:5      | Killed Blork the orc
  4604 | D:6      | Reached skill level 5 in Armour
  4604 | D:6      | Reached XP level 8. HP: 61/63 MP: 7/7
  5145 | D:6      | Reached **** piety under Hepliaklqana
  5507 | D:7      | Found Heepseth's Distillery.
  5520 | D:7      | Bought a potion of curing for 45 gold pieces
  5520 | D:7      | Bought a potion of haste for 150 gold pieces
  5938 | D:7      | Found a burning altar of Makhleb.
  5972 | D:7      | Reached skill level 5 in Shields
  6101 | D:8      | Reached XP level 9. HP: 50/70 MP: 8/8
  6233 | D:8      | Found a hazy altar of Hepliaklqana.
  6406 | D:8      | Found a radiant altar of Vehumet.
  7052 | D:9      | Noticed a komodo dragon
  7054 | D:9      | Noticed a polar bear
  7062 | D:9      | Killed a komodo dragon
  7199 | D:9      | Killed a polar bear
  7396 | D:9      | Found Imit's Self-Published Books.
  7430 | D:9      | Reached ***** piety under Hepliaklqana
  7631 | D:9      | Found Tyunt's Weapon Boutique.
  7679 | D:9      | Found Ringetudgh's Armour Boutique.
  7710 | D:9      | Found a staircase to the Orcish Mines.
  7732 | D:9      | Reached XP level 10. HP: 40/81 MP: 9/9
  8354 | D:9      | Found Laxoll's General Store.
  8402 | D:9      | Bought a potion of berserk rage for 65 gold pieces
  8402 | D:9      | Bought a scroll of poison for 52 gold pieces
  8755 | D:9      | Found a staircase to the Lair.
  8820 | D:9      | Killed from afar by an electric eel

Illustrated notes

Levels and vault maps discovered:
D:1:      minmay_arrival_plants_in_alcoves, layout_basic
D:2:      layout_loops_ring, basic_altar
D:3:      layout_basic, nicolae_uskayaw_murder_on_the_dancefloor, serial_shops,
          nicolae_shop_crystal
D:4:      layout_basic, ebering_ghost_sewer_d, serial_co_window_serial,
          co_window_of_opportunity_a, co_window_corner_a, co_window_corner_a,
          co_window_paths_a, co_window_of_opportunity_a, co_window_cross_2,
          co_window_corner_b, co_window_2corner, co_window_corner_ca,
          co_window_of_opportunity_c, co_window_2corner, glass_columns_c,
          kennysheep_decorative_pillar, nicolae_wooded_promenade
D:5:      layout_basic, mainiacjoe_overflow_boulevard, temple_statues,
          uniq_blork_the_orc
D:6:      layout_basic
D:7:      layout_rooms, makhleb_blood_cavern_becter, serial_shops,
          nicolae_shop_window_shopping, feat_on_display
D:8:      layout_cave_pools, mainiacjoe_overflow_cross_hatched,
          worldfamousw_hep_ancestral_shrine, nicolae_two_hexagons
D:9:      layout_roguey [special_room_bee], lair_entry_dummy, zombieorc1_lemuel,
          serial_shops, nicolae_lakefront_shop, nicolae_shop_rolling_square,
          shop, shop, nicolae_shop_scrapyard, serial_ice, serial_ice_a,
          serial_ice_b, serial_ice_k, serial_ice_m, serial_ice_f,
          nicolae_custom_books, dk_noncrumbling_4, minivault_25,
          minmay_misc_feat_plants, nrook_pool_corridor

Skill      XL: |  1  2  3  4  5  6  7  8  9 10 |
---------------+-------------------------------+-----
Fighting       | 4 5 6 7 8 9 |  9.3
Axes           | 4 5 6 7 8 9 |  9.3
Armour         | 1 3 4 5 6 7 8 |  8.4
Dodging        | 4 5 6 8 |  8.5
Shields        | 2 3 5 6 7 |  7.5

Action                     |  1- 3 |  4- 6 |  7- 9 | 10-12 || total
---------------------------+-------+-------+-------+-------++-------
  Melee: Hand axe          |    73 |    69 |   135 |       ||   277
         Headbutt          |     8 |    14 |    45 |    20 ||    87
         War axe           |       |       |    66 |    83 ||   149
 Invoke: Ancestor Life: Ba |       |     1 |       |       ||     1
         Recall Ancestor   |       |       |     1 |       ||     1
    Use: Scroll            |       |       |     4 |     2 ||     6
         Potion            |       |       |       |     3 ||     3
   Stab: Distracted        |       |       |     1 |     1 ||     2
 Armour: Robe              |    21 |       |       |       ||    21
         Scale mail        |    24 |    38 |   139 |    79 ||   280
  Dodge: Dodged            |    68 |    29 |    92 |    70 ||   259
  Block: Buckler           |       |     2 |    65 |    43 ||   110

Table legend: (Time is in decaauts)
 A = Elapsed time spent in this place.
 B = Non-inter-level travel time spent in this place.
 C = Inter-level travel time spent in this place.
 D = Time resting spent in this place.
 E = Time spent auto-exploring this place.
 F = Levels seen in this place.
 G = Mean time per level.
                   A        B        C        D        E       F      G
               +--------+--------+--------+--------+--------+-----+--------+
         Total |   8848 |   8541 |    307 |    741 |   6666 |   9 |  983.1 |
       Dungeon |   8848 |   8541 |    307 |    741 |   6666 |   9 |  983.1 |
               +--------+--------+--------+--------+--------+-----+--------+

Top non-repeatable levels by time:
     D:9: 1653 daAuts
     D:4: 1249 daAuts
     D:8: 1096 daAuts
     D:3: 1093 daAuts
     D:6: 898 daAuts
     D:1: 862 daAuts
     D:2: 819 daAuts
     D:7: 618 daAuts
     D:5: 556 daAuts
